 Dungeon Crawl Stone Soup version 0.22-a0-402-ga933591 (webtiles) character file.

121428 Borgoz the Protected (level 16, -4/105 HPs)
             Began as a Gargoyle Fighter on May 7, 2018.
             Was the Champion of Makhleb.
             Slain by Mara (illusionary)
             ... wielding a +0 demon whip of freezing
              (13 damage)
             ... on level 3 of the Swamp.
             The game lasted 01:09:26 (31269 turns).

Borgoz the Protected (Gargoyle Fighter)            Turns: 31269, Time: 01:09:27

Health: -4/105     AC: 32    Str: 27    XL:     16   Next: 85%
Magic:  25/25      EV:  9    Int: 14    God:    Makhleb [******]
Gold:   2084       SH: 19    Dex: 14    Spells: 25/28 levels left

rFire    + + .     SeeInvis +   y - +8 whip "Snakebite" {curare, rPois}
rCold    + . .     Gourm    .   a - +2 shield {rF+}
rNeg     + . .     Faith    .   g - +2 chain mail {rC+}
rPois    ∞         Spirit   .   z - +2 hat {SInv}
rElec    +         Reflect  +   n - +0 cloak {+Inv}
rCorr    .         Harm     .   I - +0 pair of gloves of Ludwoid {Int+5}
MR       +....                  (no boots)
Stlth    ..........             q - +3 amulet of reflection
HPRegen  0.27/turn              i - +5 ring of strength
MPRegen  0.19/turn              d - ring of protection from fire

@: berserk cooldown, flying, slowed, very slow
A: big wings, negative energy resistance 1, electricity resistance, unbreathing,
petrification resistance, rot immunity, AC +12
a: Stop Flying, Minor Destruction, Lesser Servant of Makhleb, Major Destruction,
Greater Servant of Makhleb, Renounce Religion, Evoke Invisibility


You were on level 3 of the Swamp.
You worshipped Makhleb.
Makhleb was exalted by your worship.
You were not hungry.

You visited 5 branches of the dungeon, and saw 27 of its levels.

You collected 2831 gold pieces.
You spent 747 gold pieces at shops.

Inventory:

Hand Weapons
 y - the +8 whip "Snakebite" (weapon) {curare, rPois}
   (You found it on level 2 of the Lair of Beasts)

   It poisons the flesh of those it strikes.
   It protects you from poison.
Armour
 a - a +2 shield of fire resistance (worn)
 g - a +2 chain mail of cold resistance (worn)
 n - a +0 cloak of invisibility (worn)
 z - a +2 hat of see invisible (worn)
 I - the +0 pair of gloves of Ludwoid (worn) {Int+5}
   (You found it on level 12 of the Dungeon)

   It affects your intelligence (+5).
Jewellery
 d - a ring of protection from fire (right hand)
 i - a +5 ring of strength (left hand)
 q - a +3 amulet of reflection (around neck)
 s - an uncursed ring of protection from magic
Wands
 h - a wand of scattershot (5)
 r - a wand of disintegration (11)
 C - a wand of flame (21)
 L - a wand of digging (37)
Scrolls
 e - 6 scrolls of teleportation
 k - 6 scrolls of remove curse
 l - 2 scrolls of blinking
 o - 5 scrolls of fear
 p - 3 scrolls of magic mapping {unknown}
 t - a scroll of holy word {unknown}
 u - 8 scrolls of enchant armour
 v - a scroll of enchant weapon
 x - 2 scrolls of vulnerability {unknown}
Potions
 c - 2 potions of agility
 m - a potion of resistance
 w - a potion of brilliance
 A - 6 potions of curing
 D - 2 potions of invisibility
 F - 3 potions of haste
Comestibles
 f - 35 rations
 j - 4 chunks of flesh


   Skills:
 + Level 13.9 Fighting
 + Level 12.9 Maces & Flails
 + Level 14.0 Armour
 + Level 13.9 Shields
 + Level 6.5 Spellcasting
 + Level 6.3 Charms
 + Level 5.8 Necromancy
 + Level 11.5 Invocations


You had 25 spell levels left.
You knew the following spells:

 Your Spells              Type           Power        Failure   Level  Hunger
a - Regeneration          Chrm/Necr      ###.......   16%         3    ##.....


Dungeon Overview and Level Annotations

Branches:
Dungeon (15/15)            Temple (1/1) D:7            Lair (6/6) D:9
  Swamp (3/4) Lair:3        Snake (0/4) Lair:4        Slime (0/5) Lair:5
    Orc (2/2) D:12            Elf (0/3) Orc:2        Vaults (0/5) D:14
 Depths (0/5) D:15

Altars:
Ashenzari
Cheibriados
Dithmenos
Elyvilon
Fedhas
Gozag
Hepliaklqana
Kikubaaqudgha
Makhleb
Nemelex Xobeh
Okawaru
Qazlal
Ru
Sif Muna
Trog
Uskayaw
Vehumet
Wu Jian
Xom
Yredelemnul
Zin
The Shining One

Shops:
Orc:2 *:(?*

Annotations:
Lair:6 KristoblXynda's ghost, journeyman TrWz
Swamp:2 Frances
Swamp:3 Mara


Innate Abilities, Weirdness & Mutations

You are resistant to torment.
Your stone body is resilient. (AC +12)
You are immune to poison.
Your large and strong wings let you fly indefinitely.
You resist negative energy. (rN+)
You are resistant to electric shocks. (rElec)
You can survive without breathing.
You are immune to petrification.
You are immune to rotting.


Message History

You block Borgoz's illusion's attack.
You hit Mara.
Mara is severely wounded.
You hit Mara.
Mara is severely wounded.
Mara gestures at you. The bolt of fire hits you! You resist.
* * * LOW HITPOINT WARNING * * *
You hit Mara.
Mara is severely wounded.
Mara gestures at you. The bolt of fire hits you! You resist.
* * * LOW HITPOINT WARNING * * *
The tree smoulders and burns.
Borgoz's illusion barely misses you.
Unknown command.
You are no longer berserk.
You are exhausted.
You feel yourself slow down.
Mara hits you with a demon whip of freezing!
You die...

♣..≈♣ ♣....≈≈♣
♣≈≈≈♣♣ ♣...♣..♣
♣.≈≈.♣ ♣.≈≈≈..♣♣
♣≈≈≈.♣♣♣.≈≈≈...♣
≈.
♣♣....♣♣...≈≈≈≈♣♣
..♣
♣≈≈≈≈...≈§≈≈.≈.♣
♣..♣
♣.≈≈≈..♣≈§@..♣.≈♣
...♣
♣♣≈≈....R§§§§♣♣.≈♣
.♣.♣
♣.≈≈≈.≈♣.♣R@♣♣ ≈♣
.≈.♣♣♣.≈≈≈.≈≈...♣♣
.≈.♣♣..≈≈..§≈≈.♣♣
.≈.♣♣..........♣
≈≈.♣≈≈......≈.♣♣
≈.†.≈..§.≈.≈§.♣
≈.≈≈≈..≈≈..≈..♣
≈.≈≈≈≈.≈.♣.♣≈.♣
..≈≈≈≈...♣♣.♣≈♣


You could see 2 Maras and Borgoz's illusion.

Vanquished Creatures
  2 thorn hunters
  Gastronok (D:11)
  Kirke (Lair:5)
  Louise (Swamp:3)
  An orc warlord (D:12)
  A stone giant (Orc:2)
  A dire elephant (D:15)
  Erolcha (D:12)
  4 vault guards (D:14)
  9 hydras
  A merfolk avatar (Lair:6)
  Erica (D:9)
  A death knight (D:15)
  13 two-headed ogres
  2 centaur warriors
  5 alligators
  2 ogre magi (D:15)
  A tengu warrior (D:14)
  3 orc high priests (Orc:2)
  The ghost of emperorscorpion the Carver, a novice MiFi (D:8)
  Nergalle (D:12)
  3 swamp dragons
  A shambling mangrove (Swamp:3)
  3 unseen horrors
  A harpy (Lair:6)
  5 orc sorcerers
  6 orc knights
  A wolf spider (D:15)
  An oklob plant (Lair:5)
  2 deep elf magi
  3 ugly things
  3 manticores
  2 cyclopes
  11 elephants (Lair:6)
  A salamander (D:15)
  9 black mambas
  Maurice (D:8)
  4 centaur skeletons
  2 gargoyles
  15 spiny frogs
  3 freezing wraiths (D:15)
  A kobold demonologist (D:12)
  2 rime drakes
  5 komodo dragons
  4 polar bears
  9 trolls
  A wind drake (Lair:6)
  A troll (shapeshifter) (D:14)
  The ghost of SakhabievAskhat the Insei, an amateur GnTm (D:3)
  17 slime creatures
  3 tyrant leeches
  8 hornets
  15 blink frogs
  3 bog bodies
  8 hippogriffs
  2 meliai zombies
  2 spriggans
  A vampire (D:11)
  5 wraiths
  A hog (Lair:5)
  2 shadows
  2 water elementals
  60 yaks
  5 wyverns
  5 basilisks
  9 wargs (Orc:1)
  3 hungry ghosts
  11 vampire mosquitoes
  A steam dragon (D:13)
  16 swamp worms
  An acid dragon (D:12)
  Duvessa (D:7)
  12 porcupines
  30 water moccasins
  A swamp drake (Swamp:1)
  5 sky beasts
  27 orc warriors
  4 ice beasts
  5 black bears
  A hornet zombie (D:5)
  21 ogres
  3 phantoms
  12 wolves
  8 centaurs
  9 crocodiles
  6 big kobolds
  16 bullfrogs
  5 gnoll sergeants (D:12)
  A wyvern zombie (D:12)
  2 wyvern skeletons
  Dowan (D:7)
  A scorpion (D:6)
  A water moccasin skeleton (D:6)
  20 killer bees
  2 wights (D:12)
  5 electric eels (D:12)
  8 howler monkeys
  11 crimson imps
  6 centaur zombies
  2 bullfrog zombies (D:11)
  4 hounds
  2 jellies
  2 quasits
  13 orc priests
  19 orc wizards
  A bullfrog skeleton (D:8)
  4 iguanas
  9 worker ants
  3 hound skeletons
  2 howler monkey skeletons
  13 adders
  2 shadow imps
  3 oozes (D:3)
  An adder skeleton (D:8)
  2 adder zombies
  2 worms
  3 dart slugs (D:1)
  6 leopard geckos
  73 orcs
  A ball python (D:2)
  7 bats
  4 giant cockroaches
  10 goblins
  7 hobgoblins
  3 jackals
  4 quokkas
  5 frilled lizards
  22 kobolds
  A leopard gecko skeleton (D:8)
  2 quokka skeletons
  5 rats
  3 briar patches
  A butterfly (Lair:4)
799 creatures vanquished.

Vanquished Creatures (collateral kills)
  A two-headed ogre (D:11)
  A manticore (D:13)
  A hound (D:11)
  A kobold (D:11)
4 creatures vanquished.

Vanquished Creatures (others)
  Nessos (D:15)
  A cyclops (D:14)
  A human (Lair:5)
  2 centaurs
  2 wights (D:12)
  An orc priest (D:5)
  2 orcs
  A rat (D:3)
  A briar patch (Swamp:2)
  15 fungi
  75 plants
102 creatures vanquished.

Grand Total: 905 creatures vanquished

Notes
Turn   | Place    | Note
-------+----------+-------------------------------------------
     0 | D:1      | Borgoz the Gargoyle Fighter began the quest for the Orb.
     0 | D:1      | Reached XP level 1. HP: 14/14 MP: 1/1
    38 | D:1      | Reached XP level 2. HP: 10/19 MP: 2/2
   307 | D:1      | Reached XP level 3. HP: 17/23 MP: 3/3
  1116 | D:2      | Reached XP level 4. HP: 26/29 MP: 4/4
  1588 | D:3      | Noticed SakhabievAskhat's ghost (amateur GnTm)
  2056 | D:4      | Reached skill level 4 in Armour
  2134 | D:3      | Found a shadowy altar of Dithmenos.
  2138 | D:3      | Found a hazy altar of Hepliaklqana.
  2138 | D:3      | Found a deep blue altar of Sif Muna.
  2176 | D:3      | Found a hide-covered altar of Uskayaw.
  2312 | D:3      | Reached XP level 5. HP: 33/33 MP: 5/5
  2496 | D:3      | Killed SakhabievAskhat's ghost
  2496 | D:3      | Reached XP level 6. HP: 31/40 MP: 6/6
  2665 | D:4      | Reached skill level 5 in Fighting
  2665 | D:4      | Reached skill level 5 in Armour
  2665 | D:4      | Reached skill level 5 in Shields
  2671 | D:4      | Reached XP level 7. HP: 30/44 MP: 7/7
  3317 | D:5      | Entered Level 5 of the Dungeon
  3591 | D:5      | Reached XP level 8. HP: 44/51 MP: 8/8
  3720 | D:5      | Reached skill level 6 in Armour
  3722 | D:5      | Reached skill level 5 in Maces & Flails
  4789 | D:6      | Found a burning altar of Makhleb.
  4800 | D:6      | Became a worshipper of Makhleb the Destroyer
  4847 | D:6      | Reached XP level 9. HP: 50/56 MP: 9/9
  4926 | D:6      | Reached skill level 7 in Armour
  5755 | D:7      | Noticed Dowan
  5783 | D:7      | Reached * piety under Makhleb
  5824 | D:7      | Killed Dowan
  6205 | D:7      | Noticed Duvessa
  6236 | D:7      | Killed Duvessa
  6236 | D:7      | Reached skill level 8 in Armour
  6362 | D:7      | Found a staircase to the Ecumenical Temple.
  6368 | Temple   | Entered the Ecumenical Temple
  6766 | D:8      | Noticed emperorscorpion's ghost (novice MiFi)
  7156 | D:8      | Reached XP level 10. HP: 51/64 MP: 10/10
  7621 | D:8      | Reached ** piety under Makhleb
  7683 | D:8      | Noticed Maurice
  7701 | D:8      | Killed Maurice
  7747 | D:8      | Killed emperorscorpion's ghost
  7935 | D:8      | Reached skill level 9 in Armour
  8113 | D:8      | Reached skill level 1 in Invocations
  8270 | D:8      | Found a white marble altar of Elyvilon.
  8384 | D:8      | Noticed a two-headed ogre
  8412 | D:8      | Killed a two-headed ogre
  9050 | D:9      | Reached XP level 11. HP: 43/71 MP: 13/13
  9162 | D:9      | Noticed Erica
  9200 | D:9      | Killed Erica
  9353 | D:9      | Found a staircase to the Lair.
  9761 | D:9      | You fall through a shaft for 2 floors!
  9761 | D:11     | Noticed Gastronok
  9775 | D:11     | Reached *** piety under Makhleb
  9965 | D:11     | Reached skill level 10 in Armour
 10051 | D:11     | Reached skill level 10 in Fighting
 10084 | D:11     | Killed an unseen horror
 10084 | D:11     | Reached skill level 10 in Shields
 10497 | D:11     | Noticed a seven-headed hydra
 10550 | D:11     | Killed a seven-headed hydra
 10551 | D:11     | Reached skill level 5 in Invocations
 10821 | D:10     | Entered Level 10 of the Dungeon
 10821 | D:10     | Noticed a two-headed ogre
 10829 | D:10     | Killed a two-headed ogre
 11120 | D:9      | Reached XP level 12. HP: 53/78 MP: 16/16
 11890 | D:10     | Noticed a two-headed ogre
 13057 | D:11     | Noticed a two-headed ogre
 13078 | D:11     | Killed a two-headed ogre
 13528 | D:11     | Reached **** piety under Makhleb
 13694 | D:11     | Killed Gastronok
 13694 | D:11     | Reached skill level 10 in Maces & Flails
 13694 | D:11     | Reached skill level 11 in Armour
 14009 | D:12     | Found a staircase to the Orcish Mines.
 14336 | D:12     | Noticed Nergalle
 14397 | D:12     | Killed Nergalle
 15069 | D:12     | Noticed a two-headed ogre
 15070 | D:12     | Noticed Erolcha
 15109 | D:11     | Killed a two-headed ogre
 15109 | D:11     | Reached XP level 13. HP: 7/84 MP: 18/18
 15893 | D:12     | Got a pair of heavily runed gloves
 15899 | D:12     | Identified the cursed +0 pair of gloves of Ludwoid {Int+5} (You found it on level 12 of the Dungeon)
 15914 | D:12     | Learned a level 3 spell: Regeneration
 16060 | D:12     | Found a shimmering altar of Xom.
 16075 | D:12     | Killed Erolcha
 17425 | D:13     | Reached ***** piety under Makhleb
 17445 | D:13     | Reached skill level 12 in Armour
 17807 | Lair:1   | Entered Level 1 of the Lair of Beasts
 19428 | Lair:2   | Reached skill level 1 in Spellcasting
 19551 | Lair:2   | Reached skill level 1 in Charms
 19630 | Lair:2   | Reached skill level 1 in Necromancy
 19709 | Lair:2   | Found the +8 whip "Snakebite" {curare, rPois}
 20507 | Lair:3   | Found a staircase to the Swamp.
 20910 | Lair:4   | Gained mutation: Your large and strong wings let you fly indefinitely. [Gargoyle growth]
 20910 | Lair:4   | Reached XP level 14. HP: 92/92 MP: 20/20
 20932 | Lair:4   | Identified a scroll of acquirement
 21535 | Lair:4   | Found a staircase to the Snake Pit.
 21825 | Lair:5   | Noticed Kirke
 21932 | Lair:5   | Killed Kirke
 22427 | Lair:5   | Found a staircase to the Slime Pits.
 22904 | Lair:6   | Entered Level 6 of the Lair of Beasts
 23990 | Lair:6   | Noticed KristoblXynda's ghost (journeyman TrWz)
 24347 | Lair:5   | Reached ****** piety under Makhleb
 24546 | Orc:1    | Entered Level 1 of the Orcish Mines
 24572 | Orc:1    | Noticed an orc warlord
 24614 | Orc:1    | Reached skill level 10 in Invocations
 24643 | D:12     | Killed an orc warlord
 24643 | D:12     | Reached XP level 15. HP: 70/97 MP: 22/22
 24833 | Orc:1    | Reached skill level 13 in Armour
 25007 | Orc:2    | Entered Level 2 of the Orcish Mines
 25515 | Orc:2    | Found a staircase to the Elven Halls.
 25992 | Orc:2    | Found Lunil's Assorted Antiques.
 26003 | Orc:2    | Bought a scroll of identify for 64 gold pieces
 26003 | Orc:2    | Bought a glowing cloak for 240 gold pieces
 26003 | Orc:2    | Bought a potion of haste for 320 gold pieces
 26254 | Orc:2    | Found Izogh's Magic Scroll Boutique.
 26254 | Orc:2    | Found Ete Muh's General Store.
 26298 | Orc:2    | Found Uway's Antique Weapon Emporium.
 26298 | Orc:2    | Found Nyluesur's Book Boutique.
 26309 | Orc:2    | Bought a scroll of teleportation for 51 gold pieces
 26314 | Orc:2    | Bought a scroll of identify for 36 gold pieces
 26314 | Orc:2    | Bought a scroll of identify for 36 gold pieces
 27669 | D:14     | Reached skill level 5 in Spellcasting
 27790 | D:14     | Reached skill level 5 in Charms
 27870 | D:14     | Found a gate to the Vaults.
 28125 | D:15     | Entered Level 15 of the Dungeon
 28250 | D:15     | Noticed Nessos
 28266 | D:15     | Killed Nessos
 28266 | D:15     | Reached XP level 16. HP: 103/104 MP: 24/24
 28656 | D:15     | Reached skill level 5 in Necromancy
 28678 | D:15     | Found a staircase to the Depths.
 29376 | Swamp:1  | Entered Level 1 of the Swamp
 29827 | Swamp:1  | Noticed a thorn hunter
 29852 | Swamp:1  | Killed a thorn hunter
 30656 | Swamp:2  | Noticed a thorn hunter
 30686 | Swamp:2  | Killed a thorn hunter
 30765 | Swamp:2  | Noticed Frances
 30795 | Swamp:3  | Noticed Louise
 31118 | Swamp:3  | Killed Louise
 31144 | Swamp:3  | Reached skill level 14 in Armour
 31161 | Swamp:3  | Noticed Mara
 31169 | Swamp:3  | Noticed Borgoz's illusion
 31269 | Swamp:3  | Slain by Mara (illusionary)

Vault maps used:
D:1:      dpeg_arrival_refuge
D:2:      minivault_19
D:3:      grunt_temple_overflow_open, lemuel_old_faithful
D:5:      first_ration, guppyfry_early_orc_mine
D:6:      kennysheep_little_box
D:7:      minmay_temple_entry_enclosed_plants, uniq_duvessa
D:8:      elyvilon_altar_3, kennysheep_nondescript, uniq_maurice
D:9:      minmay_lair_entry_grove, serial_glass, glass_columns_c,
          glass_columns_c, uniq_erica
D:11:     serial_column_ruins, column_ruins_circle_large,
          column_ruins_square_small, column_ruins_columns_straight,
          column_ruins_grid_4, column_ruins_grid_2, the_bakery, uniq_gastronok
D:12:     kennysheep_orc_monster_closet_entryway, basic_altar, serial_bayou,
          serial_bayou_pond_a, serial_bayou_lagoon_a, serial_bayou_ford_a,
          serial_bayou_lake_a, serial_bayou_pond_c, uniq_erolcha, uniq_nergalle
D:14:     lightli_vaults_fourway_checkpoint, serial_park_square2
D:15:     hangedman_depths_entry_try_elsewhere_first, corexii_leaking_fountain,
          uniq_nessos
Temple:   regret_index_temple_sphere_string
Lair:1:   lemuel_fruit_tree
Lair:2:   minmay_guarded_unrand_snakebite
Lair:3:   swamp_mist_pool
Lair:4:   minmay_snake_entry_six_corridors, lemuel_fruit_fields
Lair:5:   minmay_slime_entry_oklob_enclosed, uniq_kirke
Lair:6:   gammafunk_lair_ancient_temple, hibernation_bobbens
Swamp:1:  evilmike_swamp_ruin_rubble_2, swamp_pool1
Swamp:2:  evilmike_swamp_ruin_house_2, uniq_frances
Swamp:3:  evilmike_swamp_ruin_house_5, uniq_louise, uniq_mara
Orc:1:    mines5_lemuel
Orc:2:    grunt_orc_tribal_feast, serial_shops, nicolae_shop_stone

Skill      XL: |  1  2  3  4  5  6  7  8  9 10 11 12 13 14 15 16 |
---------------+-------------------------------------------------+-----
Fighting       | 4 5 6 8 9 10 11 12 13 | 13.9
Armour         | 4 5 6 8 9 10 11 12 13 14 | 14.0
Shields        | 4 5 6 8 9 10 11 12 13 | 13.9
Maces & Flails | 3 4 5 7 8 9 10 11 12 | 12.9
Invocations    | 2 5 7 9 10 11 | 11.5
Spellcasting   | 1 4 5 6 |  6.5
Charms         | 1 3 5 6 |  6.3
Necromancy     | 1 3 4 5 |  5.8

Action                   |  1- 3 |  4- 6 |  7- 9 | 10-12 | 13-15 | 16-18 || total
-------------------------+-------+-------+-------+-------+-------+-------++-------
Melee: Flail             |   142 |   129 |   574 |  1465 |   848 |       ||  3158
       Whip              |       |       |       |       |  1580 |   858 ||  2438
       Unarmed           |       |       |       |       |     6 |       ||     6
Invok: Lesser Servant of |       |       |       |     4 |     1 |       ||     5
       Major Destruction |       |       |       |     1 |       |       ||     1
 Abil: Fly               |       |       |       |       |       |     1 ||     1
Evoke: Wand              |       |       |     3 |    26 |       |     1 ||    30
  Use: Scroll            |       |     7 |     1 |     6 |    10 |     6 ||    30
       Potion            |       |     1 |     2 |    15 |     2 |     4 ||    24
  Eat: Chunk             |       |     6 |    16 |    24 |    43 |    10 ||    99
       Ration            |       |       |       |     2 |     1 |       ||     3
Armor: Scale mail        |   103 |    61 |   247 |   494 |   470 |       ||  1375
       Skin              |       |       |       |    64 |       |       ||    64
       Chain mail        |       |       |       |       |   126 |   268 ||   394
Dodge: Dodged            |    50 |    43 |   234 |   587 |   500 |   115 ||  1529
Block: Shield            |    91 |    62 |   499 |  1242 |  1456 |   486 ||  3836
       Reflection        |       |       |    17 |    20 |    31 |    12 ||    80
       Other             |       |       |       |       |     1 |       ||     1

Table legend:
 A = Spawn XP
 B = Non-spawn XP
 C = Spawn XP percentage of total XP
 D = Spawn monster count
 E = Non-spawn monster count
 F = Spawn count percentage of total count
 G = Total turns spent on level
                    A         B        C        D         E        F      G
               +---------+---------+-------+---------+---------+-------+---------
         Total |       0 |  173469 |   0.0 |       0 |     806 |   0.0 | 31269
               +---------+---------+-------+---------+---------+-------+---------
           D:1 |       0 |      58 |   0.0 |       0 |      28 |   0.0 |   763
           D:2 |       0 |      35 |   0.0 |       0 |      13 |   0.0 |   736
           D:3 |       0 |     429 |   0.0 |       0 |      23 |   0.0 |   596
           D:4 |       0 |     387 |   0.0 |       0 |      11 |   0.0 |  1519
           D:5 |       0 |    1277 |   0.0 |       0 |      33 |   0.0 |  1395
           D:6 |       0 |     596 |   0.0 |       0 |      16 |   0.0 |   658
           D:7 |       0 |    1503 |   0.0 |       0 |      23 |   0.0 |  1107
           D:8 |       0 |    4536 |   0.0 |       0 |      53 |   0.0 |  1999
           D:9 |       0 |    4496 |   0.0 |       0 |      30 |   0.0 |  1557
          D:10 |       0 |    1794 |   0.0 |       0 |      14 |   0.0 |   947
          D:11 |       0 |   13196 |   0.0 |       0 |      63 |   0.0 |  3697
          D:12 |       0 |   13530 |   0.0 |       0 |      80 |   0.0 |  2620
          D:13 |       0 |    9125 |   0.0 |       0 |      30 |   0.0 |   881
          D:14 |       0 |   13379 |   0.0 |       0 |      34 |   0.0 |   812
          D:15 |       0 |   19573 |   0.0 |       0 |      36 |   0.0 |  1082
        Lair:1 |       0 |    4448 |   0.0 |       0 |      19 |   0.0 |  1296
        Lair:2 |       0 |    2678 |   0.0 |       0 |      17 |   0.0 |   891
        Lair:3 |       0 |    4505 |   0.0 |       0 |      19 |   0.0 |  1091
        Lair:4 |       0 |    3949 |   0.0 |       0 |      24 |   0.0 |  1029
        Lair:5 |       0 |    6986 |   0.0 |       0 |      15 |   0.0 |  1484
        Lair:6 |       0 |   19071 |   0.0 |       0 |      64 |   0.0 |  1094
       Swamp:1 |       0 |   10204 |   0.0 |       0 |      23 |   0.0 |   821
       Swamp:2 |       0 |   10665 |   0.0 |       0 |      23 |   0.0 |   451
       Swamp:3 |       0 |    9596 |   0.0 |       0 |      21 |   0.0 |   474
         Orc:1 |       0 |    7051 |   0.0 |       0 |      38 |   0.0 |   789
         Orc:2 |       0 |   10402 |   0.0 |       0 |      56 |   0.0 |  1336
               +---------+---------+-------+---------+---------+-------+---------
